 Dungeon Crawl Stone Soup version 0.30-a0-586-g23e55c9e0a (webtiles) character file.

Game seed: 7145745829171966204

152954 demibob the Champion of Chaos (level 17, 0/140 HPs)
             Began as a Demonspawn Gladiator on Jan 3, 2023.
             Was the Champion of Makhleb.
             Slain by a naga
             ... wielding a +0 trident
              (27 damage)
             ... on level 4 of the Snake Pit.
             The game lasted 01:03:16 (28232 turns).

demibob the Champion of Chaos (DsGl)               Turns: 28232, Time: 01:03:17

Health: 0/140      AC: 32    Str: 17    XL:     17   Next: 3%
Magic:  5/29       EV: 14    Int: 17    God:    Makhleb [******]
Gold:   1915       SH:  5    Dex: 24    Spells: 16/16 levels left

rFire   + . .      SeeInvis +    a - +9 lajatang (venom)
rCold   . . .      Faith    .    (shield currently unavailable)
rNeg    + . .      Spirit   .    U - +4 plate armour {rPois}
rPois   +          Reflect  +    (helmet unavailable)
rElec   +          Harm     .    P - +0 cloak of Suc Cesm {rN+ Regen+ Int+5}
rCorr   +          Rampage  .    K - +2 pair of gloves {hurl}
Will    ++++.                    Q - +2 pair of boots of the Orb Guardian {Drain +Inv rCorr Int+5} Stlth
                                 N - amulet of reflection
HPRegen 1.23/turn                O - ring of Ydaczoi {rElec rC+ Int-3 SInv}
MPRegen 0.21/turn                b - ring of Lunuza {rF+ rC- Will+++ Dex+4}

@: mighty, agile, lethally poisoned (0 -> -3), hasted, constricted, very quick
A: horns 3, thin metallic scales 2, icemail 1, powered by pain 2, condensation
shield, corrupting presence 1
a: Renounce Religion, Evoke Invisibility, Minor Destruction, Lesser Servant of
Makhleb, Major Destruction, Greater Servant of Makhleb


You were on level 4 of the Snake Pit.
You worshipped Makhleb.
Makhleb was exalted by your worship.
You visited 4 branches of the dungeon, and saw 26 of its levels.
You also visited: Sewer and Gauntlet.

You collected 3218 gold pieces.
You spent 1303 gold pieces at shops.


Innate Abilities, Weirdness & Mutations

You have a pair of large horns on your head.
You are mostly covered in thin metallic scales. (AC +3)
A meltable icy envelope protects you from harm. (AC +0)
You sometimes gain power by taking damage.
A meltable shield of frost defends you. (SH +0)
Your presence sometimes corrodes those you injure.


   Skills:
 + Level 14.8 Fighting
 - Level 14.0 Staves
 - Level 1.7 Throwing
 - Level 15.1 Armour
 + Level 11.0 Dodging
 - Level 17.1 Invocations


You had 16 spell levels left.
You didn't know any spells.
Your spell library contained the following spells:

 Spells                   Type           Power      Damage    Failure   Level
 Apportation              Tloc           0%         N/A       98%         1
 Beastly Appendage        Tmut           0%         N/A       98%         1
 Sandblast                Erth           0%         2d4       98%         1
 Slow                     Hex            0%         N/A       98%         1
 Summon Small Mammal      Summ           0%         N/A       98%         1
 Sublimation of Blood     Necr           0%         N/A       99%         2
 Wereblood                Tmut           0%         N/A       99%         2
 Call Canine Familiar     Summ           0%         N/A       100%        3
 Confusing Touch          Hex            0%         N/A       100%        3
 Dazzling Flash           Conj/Hex       0%         N/A       100%        3
 Ignite Poison            Fire/Tmut/Pois 0%         N/A       100%        3
 Ozocubu's Armour         Ice            0%         N/A       100%        3
 Spider Form              Tmut/Pois      0%         N/A       100%        3
 Stone Arrow              Conj/Erth      0%         3d7       100%        3
 Summon Guardian Golem    Hex/Summ       0%         N/A       100%        3
 Vampiric Draining        Necr           0%         2d6       100%        3
 Animate Armour           Summ/Erth      0%         N/A       100%        4
 Iskenderun's Mystic Bla  Conj/Tloc      0%         2d3       100%        4
 Manifold Assault         Tloc           0%         N/A       100%        4
 Petrify                  Tmut/Erth      0%         N/A       100%        4
 Sticky Flame             Conj/Fire      0%         2d3       100%        4
 Summon Ice Beast         Ice/Summ       0%         N/A       100%        4
 Summon Lightning Spire   Summ/Air       0%         N/A       100%        4
 Alistair's Intoxication  Tmut/Pois      0%         N/A       100%        5
 Borgnjor's Vile Clutch   Necr/Erth      0%         N/A       100%        5
 Irradiate                Conj/Tmut      0%         3d11      100%        5
 Metabolic Englaciation   Hex/Ice        0%         N/A       100%        5
 Summon Mana Viper        Hex/Summ       0%         N/A       100%        5
 Dispersal                Tloc           0%         N/A       100%        6
 Iron Shot                Conj/Erth      0%         9d1       100%        6
 Simulacrum               Ice/Necr       0%         N/A       100%        6
 Starburst                Conj/Fire      0%         6d3       100%        6
 Monstrous Menagerie      Summ           0%         N/A       100%        7
 Ozocubu's Refrigeration  Ice            0%         4d7       100%        7
 Disjunction              Tloc           0%         N/A       100%        8
 Ignition                 Fire           0%         3d3       100%        8
 Lehudib's Crystal Spear  Conj/Erth      0%         10d2      100%        8

Inventory:

Hand Weapons
 a - a +9 lajatang of venom (weapon)
 H - a +1 quarterstaff of electrocution
Missiles
 c - a javelin (quivered)
 d - 3 throwing nets {=f}
 i - 2 curare-tipped darts {=f}
 M - 13 silver javelins
Armour
 x - the +3 hat of Pondering {ponderous, Will+ MP+10 Int+5}
   (You took it off Gastronok on level 9 of the Dungeon)

   Int:       It affects your intelligence (+5).
   MP:        It affects your magic capacity (+10).
   Will:      It increases your willpower.
 E - a scarf of invisibility
 J - +0 ice dragon scales
 K - a +2 pair of gloves of hurling (worn)
 P - the +0 cloak of Suc Cesm (worn) {rN+ Regen+ Int+5}
   (You found it in a Gauntlet)

   Int:       It affects your intelligence (+5).
   rN:        It protects you from negative energy.
   Regen:     It increases your rate of health regeneration.
 Q - the +2 pair of boots of the Orb Guardian (worn) {Drain +Inv rCorr Int+5}
   (You found it in a Gauntlet)

   Int:       It affects your intelligence (+5).
   +Inv:      It lets you turn invisible.
   rCorr:     It protects you from acid and corrosion.
   Drain:     It drains your maximum health when unequipped.
 U - a +4 plate armour of poison resistance (worn)
Jewellery
 b - the ring of Lunuza (right hand) {rF+ rC- Will+++ Dex+4}
   (You found it on level 13 of the Dungeon)

   [ring of protection from fire]

   Dex:       It affects your dexterity (+4).
   rF:        It protects you from fire.
   rC:        It makes you vulnerable to cold.
   Will:      It greatly increases your willpower.
 C - a ring of protection from cold
 F - a ring of protection from fire
 N - an amulet of reflection (around neck)
 O - the ring of Ydaczoi (left hand) {rElec rC+ Int-3 SInv}
   (You took it off a minotaur in a Gauntlet)

   [ring of see invisible]

   Int:       It affects your intelligence (-3).
   rC:        It protects you from cold.
   rElec:     It insulates you from electricity.
   SInv:      It lets you see invisible.
 R - a ring of resist corrosion
Wands
 h - a wand of flame (70)
 n - a wand of paralysis (29)
 u - a wand of polymorph (31)
 w - a wand of roots (19)
 y - a wand of mindburst (8)
 I - a wand of acid (17)
Scrolls
 g - a scroll of fog
 r - 6 scrolls of identify {@r1}
 s - 3 scrolls of teleportation {@r2}
 t - 5 scrolls of enchant armour
 B - 2 scrolls of blinking
 S - 2 scrolls of butterflies
Potions
 e - 4 potions of invisibility
 f - 8 potions of curing {@q1}
 j - 6 potions of brilliance
 k - 2 potions of cancellation
 l - 7 potions of lignification
 m - 2 potions of magic
 o - 4 potions of haste {@q3}
 p - 2 potions of mutation
 v - 3 potions of attraction
 z - 5 potions of flight
 A - a potion of resistance
 L - 2 potions of might
 V - a potion of ambrosia

Dungeon Overview and Level Annotations

Branches:
Dungeon (15/15)            Temple (0/1) D:7            Lair (5/5) D:10
 Shoals (0/4) Lair:2        Snake (4/4) Lair:2        Slime (0/5) Lair:4
    Orc (2/2) D:12            Elf (0/3) Orc:2        Vaults (0/5) D:13
 Depths (0/4) D:15          Sewer (visited)         Gauntlet (visited)

Altars:
Dithmenos
Fedhas
Hepliaklqana
Kikubaaqudgha
Makhleb
Okawaru
Ru
Trog
Yredelemnul
Lugonu

Shops:
D:9 [   D:10 *[   D:11 !   D:14 [   Orc:1 *   Orc:2 [**[   Snake:1 (

Portals:
Abyss: Orc:2
Trove: D:11 (give 3 potions of resistance)

Annotations:
Lair:4 1 runed translucent door
Lair:5 1 runed translucent door, Gazorpazorpfield's ghost, journeyman DEFE

+....# #....
##...#+##.....
#............
#............
#....†.......
##............
#....###~~~~..
#N1.## ~~≈≈~.
#N@N# ≈~~~~~
########SSN#
~≈≈~~
.......§.S.#
~≈≈~~
....§......#
....§......#
.............
...............
................
..#######.####..


You could see a naga warrior (strong, extremely poisoned), a salamander mystic
(strong), a salamander (strong), an anaconda (fast), a guardian serpent, a black
mamba (fast, ally target), a naga (strong) and a friendly Executioner (summoned,
fast).


Message History

The naga warrior dies!
Makhleb accepts your kill.
The salamander unwields a +0 shortbow of flaming.
It stops flaming.
The salamander closely misses you. You block the black mamba's attack.
The guardian serpent coils itself and waves its upper body at you.
The naga warrior blinks!
The naga blinks!
The salamander mystic blinks!
You slash the naga warrior!
The naga warrior looks as sick as possible!
The naga warrior is moderately wounded.
You feel sick.
The anaconda bites you but does no damage.
The anaconda constricts you.
Your Executioner barely misses the salamander mystic.
Your Executioner hits the salamander mystic.
Your Executioner hits the salamander mystic but does no damage.
The black mamba barely misses you.
The salamander mystic barely misses you.
You slice the naga warrior!!
The naga warrior looks as sick as possible!
You headbutt the naga warrior.
The naga warrior is severely wounded.
You feel sick. You block the anaconda's attack. The anaconda constricts you.
* * * LOW HITPOINT WARNING * * *
Your Executioner hits the naga warrior.
Your Executioner barely misses the naga warrior.
Your Executioner hits the naga warrior.
The black mamba bites you but does no damage.
The naga warrior closely misses you. The naga hits you with a +0 trident!!
You die...

Skill      XL: |  1  2  3  4  5  6  7  8  9 10 11 12 13 14 15 16 17 |
---------------+----------------------------------------------------+-----
Staves         | 3 4 5 6 7 9 11 13 14 | 14.0
Invocations    | 3 7 9 12 16 17 | 17.1
Armour         | 2 5 8 10 12 14 15 | 15.1
Fighting       | 5 9 10 12 14 | 14.8
Dodging        | 3 8 10 11 | 11.0
Throwing       | |  1.7

Action                   |  1- 3 |  4- 6 |  7- 9 | 10-12 | 13-15 | 16-18 || total
-------------------------+-------+-------+-------+-------+-------+-------++-------
Melee: Quarterstaff      |    78 |   141 |   400 |   714 |   517 |       ||  1850
       Headbutt          |       |       |       |   183 |   384 |   148 ||   715
       Lajatang          |       |       |       |       |   834 |   540 ||  1374
Throw: Throwing net      |       |     3 |       |       |       |       ||     3
       Javelin           |       |     1 |     2 |     2 |       |       ||     5
Invok: Lesser Servant of |       |       |       |     3 |    15 |       ||    18
       Greater Servant o |       |       |       |       |     1 |     1 ||     2
Evoke: Wand              |       |       |     1 |    11 |       |       ||    12
  Use: Scroll            |     2 |     7 |    12 |     5 |    18 |     2 ||    46
       Potion            |       |     3 |     6 |     4 |     8 |     2 ||    23
 Stab: Sleeping          |     1 |       |       |       |       |       ||     1
       Held in net/web   |       |     1 |       |       |       |       ||     1
       Paralysed         |       |       |     6 |       |       |       ||     6
       Distracted        |       |       |       |       |     7 |       ||     7
       Petrified         |       |       |       |       |    10 |       ||    10
Armor: Leather armour    |    19 |    30 |    92 |     6 |       |       ||   147
       Plate armour      |       |       |       |    16 |   179 |   293 ||   488
       Ring mail         |       |       |       |   132 |   222 |       ||   354
       Ice dragon scales |       |       |       |       |   223 |       ||   223
Dodge: Dodged            |    52 |    94 |   179 |   302 |   587 |   222 ||  1436
Block: Other             |     2 |    34 |    48 |    76 |   268 |   213 ||   641
       Reflection        |       |       |       |       |     5 |     8 ||    13

Levels and vault maps discovered:
D:1:      dpeg_arrival_tiny_c, layout_rooms
D:2:      layout_loops_ring, uniq_jessica, uniq_natasha, uniq_terence
D:3:      layout_rooms, nicolae_titane
D:4:      layout_cave_pools, makhleb_altar_promises_db
D:5:      layout_cave_pods
D:6:      layout_basic, yredelemnul_altar_generic, lightli_sewer_entry_pipes
D:7:      layout_basic, chequers_temple_overflow_minitemple,
          minmay_temple_entry_arrows, serial_glass, glass_columns_b,
          glass_columns_a
D:8:      layout_cave_pods
D:9:      layout_loops_ring, chequers_temple_overflow_statue_of_worship,
          nicolae_dithmenos_through_a_glass_darkly, serial_shops, shop,
          special_room [special_room_orc], uniq_gastronok, uniq_psyche
D:10:     layout_roguey, david_lair_shrubbed, serial_shops,
          nicolae_shop_competitors_out_of_business, nicolae_shop_gadgets
D:11:     layout_basic, enter_trove_3, serial_shops, kennysheep_mini,
          roderic_roman_lattice, uniq_sonja
D:12:     layout_stronghold, orc_0_dummy, minivault_26, kennysheep_another_room,
          zin_treasury
D:13:     wad_crossroads, layout_rooms, david_vaults_4, special_room
          [special_room_orc], kennysheep_small_square
D:14:     layout_long_grid, kennysheep_small_spiral, serial_shops,
          kennysheep_mini_moat
D:15:     hangedman_depths_entry_try_elsewhere_first, layout_small_grid,
          gauntlet_entry_generic, door_vault
Lair:1:   layout_cave_pods
Lair:2:   layout_layer_cave, nicolae_shoals_entry_roost,
          minmay_snake_entry_six_corridors, infiniplex_staircase_pool
Lair:3:   layout_cave_shapes, minivault_26
Lair:4:   layout_cave_pods, slime_entry_2, lemuel_fruit_tree,
          grunt_megastairs_2, serial_bayou_shore_b
Lair:5:   hangedman_lair_in_review, layout_long_grid,
          ebering_ghost_reflecting_pool, lemuel_centaur_altar
Snake:1:  layout_gridlike, serial_shops, shop, grunt_megastairs_1, uniq_donald
Snake:2:  layout_grid_shapes
Snake:3:  layout_cave_shapes, hangedman_snake_pattern
Snake:4:  grunt_snake_rune_serpentine_throne, layout_cave_town, serial_shops,
          shop_scrolls, minmay_snake_pond
Orc:1:    layout_caves, serial_shops, shop
Orc:2:    st_orc_open, layout_caves, amcnicky_altar_lugonu_corruption

Notes
Turn   | Place    | Note
-------+----------+-------------------------------------------
     0 | D:1      | demibob the Demonspawn Gladiator began the quest for the
                  | Orb.
     0 | D:1      | Reached XP level 1. HP: 16/16 MP: 1/1
    53 | D:1      | Reached skill level 3 in Staves
   120 | D:1      | Gained mutation: You sometimes gain a little power by
                  | taking damage. [demonic ancestry]
   120 | D:1      | Reached XP level 2. HP: 22/22 MP: 2/2
   333 | D:1      | Gained mutation: A meltable shield of frost defends you.
                  | (SH +0) [demonic ancestry]
   333 | D:1      | Reached XP level 3. HP: 18/27 MP: 3/3
   760 | D:2      | Reached skill level 4 in Staves
   829 | D:2      | Noticed Natasha
   834 | D:2      | Killed Natasha
   910 | D:2      | Noticed Jessica
   918 | D:2      | Killed Jessica
   919 | D:2      | Gained mutation: You are partially covered in thin metallic
                  | scales. (AC +2) [demonic ancestry]
   919 | D:2      | Reached XP level 4. HP: 20/33 MP: 4/4
   948 | D:2      | Noticed Natasha
   983 | D:2      | Killed Natasha
   984 | D:2      | Reached skill level 5 in Staves
  1132 | D:2      | Noticed Terence
  1145 | D:2      | Killed Terence
  1146 | D:2      | Reached XP level 5. HP: 35/38 MP: 5/5
  1232 | D:2      | You fall into a shaft and drop 1 floor!
  2144 | D:4      | Reached skill level 6 in Staves
  2446 | D:4      | Noticed a phantom
  2458 | D:4      | Killed a phantom
  2459 | D:4      | Reached XP level 6. HP: 44/44 MP: 6/6
  2606 | D:4      | Found a burning altar of Makhleb.
  2608 | D:4      | Noticed an Executioner
  2612 | D:4      | Noticed a smoke demon
  2612 | D:4      | Noticed a neqoxec
  2614 | D:4      | Became a worshipper of Makhleb the Destroyer
  2690 | D:5      | Entered Level 5 of the Dungeon
  2737 | D:5      | Reached skill level 7 in Staves
  2799 | D:5      | Reached XP level 7. HP: 36/50 MP: 7/7
  3408 | D:5      | Reached skill level 8 in Staves
  3729 | D:6      | Reached skill level 9 in Staves
  3729 | D:6      | Reached XP level 8. HP: 37/56 MP: 8/8
  3733 | D:6      | Found a basalt altar of Yredelemnul.
  3847 | D:6      | Found a glowing drain.
  3852 | Sewer    | Entered a sewer
  3863 | Sewer    | Reached * piety under Makhleb
  4522 | D:6      | Reached skill level 10 in Staves
  5129 | D:7      | Reached skill level 11 in Staves
  5274 | D:7      | Gained mutation: You sometimes gain power by taking damage.
                  | [demonic ancestry]
  5274 | D:7      | Reached XP level 9. HP: 42/61 MP: 9/9
  5433 | D:7      | Found a staircase to the Ecumenical Temple.
  5449 | D:7      | Reached ** piety under Makhleb
  5818 | D:7      | Found an ancient bone altar of Kikubaaqudgha.
  5818 | D:7      | Found a faded altar of an unknown god.
  5825 | D:7      | Found a sacrificial altar of Ru.
  5828 | D:7      | Found a bloodstained altar of Trog.
  5830 | D:7      | Found a faded altar of an unknown god.
  6006 | D:7      | Reached skill level 12 in Staves
  7415 | D:9      | Reached skill level 1 in Invocations
  7495 | D:9      | Noticed a kobold demonologist
  7497 | D:9      | Noticed a kobold demonologist
  7500 | D:9      | Reached skill level 13 in Staves
  7500 | D:9      | Reached skill level 1 in Armour
  7503 | D:9      | Killed a kobold demonologist
  7504 | D:9      | Reached skill level 2 in Invocations
  7522 | D:9      | Killed a kobold demonologist
  7523 | D:9      | Reached skill level 2 in Armour
  7523 | D:9      | Reached skill level 3 in Invocations
  7523 | D:9      | Gained mutation: You have a pair of small horns on your
                  | head. [demonic ancestry]
  7523 | D:9      | Reached XP level 10. HP: 52/67 MP: 10/12
  7593 | D:9      | Found Plog's Armour Shoppe.
  7649 | D:9      | Noticed Gastronok
  7672 | D:9      | Killed Gastronok
  7673 | D:9      | Reached skill level 3 in Armour
  7673 | D:9      | Reached skill level 4 in Invocations
  7899 | D:9      | Reached skill level 5 in Invocations
  8039 | D:9      | Identified a +2 robe of resistance
  8039 | D:9      | Noticed Psyche
  8053 | D:9      | Killed Psyche
  8326 | D:9      | Reached *** piety under Makhleb
  8559 | D:9      | Found a shadowy altar of Dithmenos.
  8559 | D:9      | Noticed a two-headed ogre
  8567 | D:9      | Killed a two-headed ogre
  8568 | D:9      | Reached skill level 4 in Armour
  8568 | D:9      | Reached skill level 6 in Invocations
  8651 | D:9      | Found a blossoming altar of Fedhas.
  8651 | D:9      | Found a hazy altar of Hepliaklqana.
  8651 | D:9      | Found an iron altar of Okawaru.
  8751 | D:9      | Identified a potion of resistance
  8774 | D:10     | Entered Level 10 of the Dungeon
  8783 | D:10     | Found Nisolot's Gadget Gallery.
  8864 | D:10     | Noticed an orc knight
  8883 | D:10     | Killed an orc knight
  8898 | D:10     | Reached skill level 7 in Invocations
  8955 | D:10     | Reached skill level 5 in Armour
  9089 | D:10     | Reached XP level 11. HP: 63/72 MP: 16/16
  9270 | D:10     | Got the Atlas of the Eel
  9303 | D:10     | Found a staircase to the Lair.
  9692 | D:10     | Found Fapn's Antique Armour Boutique.
  9702 | D:10     | Reached skill level 14 in Staves
  9724 | D:10     | Reached skill level 8 in Invocations
 10009 | D:10     | Bought a smoking ring mail for 234 gold pieces
 10009 | D:10     | Identified the +1 ring mail of Beastly the Leaf {rN+
                  | Regen+} (You bought it in a shop on level 10 of the
                  | Dungeon)
 10133 | D:11     | Noticed a boulder beetle
 10142 | D:11     | Killed a boulder beetle
 10143 | D:11     | Reached skill level 6 in Armour
 10161 | D:11     | Reached skill level 9 in Invocations
 10487 | D:11     | Noticed a two-headed ogre
 10618 | Lair:1   | Entered Level 1 of the Lair of Beasts
 10706 | Lair:1   | Reached skill level 7 in Armour
 10840 | Lair:1   | Reached skill level 3 in Fighting
 10884 | Lair:1   | Reached **** piety under Makhleb
 10885 | Lair:1   | Reached skill level 4 in Fighting
 11147 | Lair:1   | Reached skill level 8 in Armour
 11151 | Lair:1   | Reached skill level 5 in Fighting
 11391 | Lair:1   | Noticed a boulder beetle
 11427 | Lair:1   | Gained mutation: A meltable icy envelope protects you from
                  | harm. (AC +0) [demonic ancestry]
 11427 | Lair:1   | Reached XP level 12. HP: 66/87 MP: 18/18
 11450 | Lair:1   | Killed a boulder beetle
 11451 | Lair:1   | Reached skill level 6 in Fighting
 11761 | Lair:2   | Reached skill level 9 in Armour
 11875 | Lair:2   | Reached skill level 7 in Fighting
 12174 | Lair:2   | Found a staircase to the Shoals.
 12274 | Lair:2   | Found a staircase to the Snake Pit.
 12360 | Lair:2   | Reached skill level 8 in Fighting
 12392 | Lair:2   | Reached ***** piety under Makhleb
 12411 | Lair:2   | Reached skill level 10 in Armour
 12540 | Lair:2   | You fall into a shaft and drop 2 floors!
 12599 | Lair:4   | Reached skill level 9 in Fighting
 12703 | Lair:3   | Noticed a four-headed hydra
 12716 | Lair:4   | Noticed a five-headed hydra
 12728 | Lair:4   | Killed a five-headed hydra
 12799 | Lair:4   | Reached XP level 13. HP: 87/101 MP: 19/19
 12990 | Lair:3   | Reached skill level 11 in Armour
 13691 | Lair:3   | Reached skill level 10 in Fighting
 14544 | Lair:4   | Found a runed translucent door.
 14786 | Lair:4   | Reached skill level 10 in Invocations
 14978 | Lair:4   | Found a staircase to the Slime Pits.
 14986 | Lair:5   | Entered Level 5 of the Lair of Beasts
 15167 | Lair:5   | HP: 8/103 [centaur/arrow (9)]
 15248 | Lair:5   | Reached skill level 12 in Armour
 15261 | Lair:5   | Reached skill level 11 in Invocations
 15517 | Lair:5   | Reached skill level 12 in Invocations
 15994 | Lair:5   | Gained mutation: You are mostly covered in thin metallic
                  | scales. (AC +3) [demonic ancestry]
 15994 | Lair:5   | Reached XP level 14. HP: 110/110 MP: 23/23
 16007 | Lair:5   | Found a runed translucent door.
 16008 | Lair:5   | Noticed Gazorpazorpfield's ghost (journeyman DEFE)
 16040 | Lair:5   | Reached skill level 13 in Armour
 16048 | Lair:5   | Found a hazy altar of Hepliaklqana.
 16096 | Lair:5   | Reached skill level 13 in Invocations
 16949 | Lair:5   | Identified a scroll of acquirement
 16950 | Lair:5   | Acquired a +2 lajatang of venom
 17298 | D:11     | Noticed Sonja
 17317 | D:11     | Killed Sonja
 17475 | D:11     | Reached skill level 14 in Invocations
 17515 | D:11     | Found a portal to a secret trove of treasure.
 17523 | D:11     | Found Hezxong's Distillery.
 17526 | D:11     | Bought a potion of haste for 100 gold pieces
 18435 | D:12     | Found a staircase to the Orcish Mines.
 19085 | D:13     | Reached skill level 14 in Armour
 19177 | D:13     | Reached skill level 15 in Invocations
 19852 | D:13     | HP: 16/165 [ice dragon (7)]
 19852 | D:13     | HP: 3/165 [ice dragon (10)]
 20116 | D:13     | Found a gate to the Vaults.
 20120 | D:13     | Identified the ring of Lunuza {rF+ rC- Will+++ Dex+4}
 20216 | Orc:1    | Entered Level 1 of the Orcish Mines
 20232 | Orc:1    | Noticed an orc warlord
 20516 | D:14     | Reached skill level 3 in Dodging
 20516 | D:14     | Reached skill level 16 in Invocations
 20595 | D:14     | Identified the +2 chain mail "Qaisan" {Str+5 Stlth+}
 21110 | D:14     | Gained mutation: Your presence sometimes corrodes those you
                  | injure. [demonic ancestry]
 21110 | D:14     | Reached XP level 15. HP: 115/115 MP: 27/27
 21122 | D:14     | Reached skill level 4 in Dodging
 21151 | D:14     | Found Qugim Vorr's Armour Emporium.
 21570 | D:15     | Entered Level 15 of the Dungeon
 21769 | D:15     | Reached skill level 5 in Dodging
 21781 | D:15     | Found a huge runed gate.
 21781 | D:15     | Found a huge runed gate.
 21781 | D:15     | Found a huge runed gate.
 21782 | D:15     | Found a huge runed gate.
 21790 | D:15     | Found a huge runed gate.
 21790 | D:15     | Found a huge runed gate.
 21790 | D:15     | Found a huge runed gate.
 21791 | D:15     | Found a huge runed gate.
 21791 | D:15     | Found a huge runed gate.
 21792 | D:15     | Found a huge runed gate.
 21797 | D:15     | Found a huge runed gate.
 21797 | D:15     | Found a huge runed gate.
 21797 | D:15     | Found a huge runed gate.
 21798 | D:15     | Found a huge runed gate.
 21799 | D:15     | Found a huge runed gate.
 21800 | D:15     | Found a huge runed gate.
 21801 | D:15     | Found a huge runed gate.
 21802 | D:15     | Found a huge runed gate.
 21803 | D:15     | Found a huge runed gate.
 21811 | D:15     | Found a huge runed gate.
 21811 | D:15     | Found a huge runed gate.
 21811 | D:15     | Found a huge runed gate.
 21811 | D:15     | Found a huge runed gate.
 21811 | D:15     | Found a huge runed gate.
 21811 | D:15     | Found a huge runed gate.
 21812 | D:15     | Found a huge runed gate.
 21813 | D:15     | Found a huge runed gate.
 21815 | D:15     | Found a huge runed gate.
 21823 | D:15     | Found a huge runed gate.
 21823 | D:15     | Found a huge runed gate.
 21823 | D:15     | Found a huge runed gate.
 21823 | D:15     | Found a huge runed gate.
 21823 | D:15     | Found a huge runed gate.
 21823 | D:15     | Found a huge runed gate.
 21824 | D:15     | Found a huge runed gate.
 21828 | D:15     | Found a gate leading to a gauntlet.
 21833 | Gauntlet | Entered a Gauntlet
 21833 | Gauntlet | Found a transporter.
 21833 | Gauntlet | Found a transporter.
 21833 | Gauntlet | Found a transporter.
 21874 | Gauntlet | Found a transporter.
 21884 | Gauntlet | Found a transporter.
 21888 | Gauntlet | Found a transporter.
 21898 | Gauntlet | Found a transporter.
 21916 | Gauntlet | Found a large runed translucent door.
 21917 | Gauntlet | Found a large runed translucent door.
 21918 | Gauntlet | Found a large runed translucent door.
 21918 | Gauntlet | Found a large runed translucent door.
 21919 | Gauntlet | Found a runed translucent gate.
 21920 | Gauntlet | Found a large runed translucent door.
 21920 | Gauntlet | Found a large runed translucent door.
 21920 | Gauntlet | Found a runed translucent door.
 21921 | Gauntlet | Found a large runed translucent door.
 21922 | Gauntlet | Found a large runed translucent door.
 21943 | Gauntlet | Found a transporter.
 21943 | Gauntlet | Found a transporter.
 21990 | Gauntlet | Found a transporter.
 21992 | Gauntlet | Found a transporter.
 21992 | Gauntlet | Found a large runed translucent door.
 21993 | Gauntlet | Found a large runed translucent door.
 21994 | Gauntlet | Found a large runed translucent door.
 21994 | Gauntlet | Found a large runed translucent door.
 21994 | Gauntlet | Found a runed translucent door.
 21995 | Gauntlet | Found a large runed translucent door.
 21999 | Gauntlet | Found a large runed translucent door.
 22001 | Gauntlet | Found a large runed translucent door.
 22001 | Gauntlet | Found a large runed translucent door.
 22002 | Gauntlet | Found a runed translucent gate.
 22002 | Gauntlet | Found a runed translucent gate.
 22004 | Gauntlet | Found a transporter.
 22067 | Gauntlet | Identified the +0 cloak of Suc Cesm {rN+ Regen+ Int+5}
 22117 | Gauntlet | Reached skill level 17 in Invocations
 22124 | Gauntlet | Identified the +2 pair of boots of the Orb Guardian {Drain
                  | +Inv rCorr Int+5}
 22159 | Gauntlet | Identified the ring of Ydaczoi {rElec rC+ Int-3 SInv}
 22407 | D:15     | Found a staircase to the Depths.
 22630 | D:15     | Found a huge runed gate.
 22759 | Orc:1    | Reached skill level 6 in Dodging
 22868 | Orc:1    | Found Bijal's General Store.
 23136 | Orc:2    | Entered Level 2 of the Orcish Mines
 23381 | Orc:2    | Found a staircase to the Elven Halls.
 23400 | Orc:2    | Found Faidgh's Antique Armour Emporium.
 23436 | Orc:2    | Reached ****** piety under Makhleb
 23495 | Orc:2    | Reached skill level 11 in Fighting
 23495 | Orc:2    | Reached skill level 7 in Dodging
 23563 | Orc:2    | Found Ecaitocw's Assorted Antiques.
 23593 | Orc:2    | Found Gext's General Store.
 23594 | Orc:2    | Found Ylucrezynk's Antique Armour Boutique.
 23626 | Orc:2    | Bought a potion of haste for 170 gold pieces
 23864 | Orc:2    | Found a one-way gate to the infinite horrors of the Abyss.
 23918 | Orc:2    | Found a corrupted altar of Lugonu.
 24262 | D:15     | Noticed a storm dragon
 24262 | D:15     | Noticed a fire giant
 24262 | D:15     | Noticed a frost giant
 24263 | D:15     | Noticed a tengu reaver
 24263 | D:15     | Noticed a storm dragon
 24527 | D:15     | Killed a fire giant
 24528 | D:15     | Reached skill level 8 in Dodging
 24550 | D:15     | Killed a frost giant
 24761 | D:15     | Killed a tengu reaver
 24765 | D:15     | Reached skill level 12 in Fighting
 24920 | D:14     | Bought a +4 plate armour of poison resistance for 799 gold
                  | pieces
 25113 | Snake:1  | Entered Level 1 of the Snake Pit
 25499 | Snake:1  | Gained mutation: You have a pair of horns on your head.
                  | [demonic ancestry]
 25499 | Snake:1  | Reached XP level 16. HP: 122/127 MP: 28/28
 25801 | Snake:1  | Noticed Donald
 25822 | Snake:1  | Killed Donald
 25886 | Snake:1  | Found Kikar's Antique Weapon Emporium.
 25991 | Snake:1  | Acquired 750 gold pieces
 26247 | Snake:2  | Reached skill level 15 in Armour
 26480 | Snake:2  | Reached skill level 13 in Fighting
 26944 | Snake:2  | Reached skill level 9 in Dodging
 27391 | Snake:3  | Identified the +7 broad axe of Division {distort, Fly
                  | Dex+4}
 27747 | Snake:3  | Reached skill level 14 in Fighting
 27750 | Snake:3  | Reached skill level 10 in Dodging
 28045 | Snake:4  | Entered Level 4 of the Snake Pit
 28225 | Snake:4  | HP: 10/134 [nagaraja/poison arrow (23)]
 28226 | Snake:4  | Gained mutation: You have a pair of large horns on your
                  | head. [demonic ancestry]
 28226 | Snake:4  | Reached XP level 17. HP: 10/140 MP: 4/29
 28229 | Snake:4  | Reached skill level 11 in Dodging
 28232 | Snake:4  | Slain by a naga

Vanquished Creatures
  Gastronok (D:9)
  A tengu reaver (D:15)
  Donald (Snake:1)
  3 nagarajas
  A frost giant (D:15)
  A minotaur (Gauntlet)
  A dire elephant (D:15)
  A crystal guardian (D:15)
  An ettin (D:15)
  A great orb of eyes (D:15)
  An ice dragon (D:13)
  7 hydras
  2 catoblepae
  2 ogre magi (Orc:2)
  11 two-headed ogres
  A centaur warrior (D:15)
  13 anacondas
  6 boulder beetles
  2 death yaks (Lair:5)
  A deep troll earth mage (D:14)
  7 shock serpents
  8 naga warriors
  A sun demon (Gauntlet)
  Sonja (D:11)
  3 salamander mystics
  A fire crab (shapeshifter) (D:14)
  2 deep trolls (Orc:2)
  2 sea snakes (Snake:4)
  5 naga ritualists
  3 phantasmal warriors (D:15)
  A wizard (D:14)
  A harpy (Lair:2)
  A necromancer (D:13)
  A lindwurm (Lair:5)
  An orc knight (D:10)
  11 cyclopes
  5 mana vipers
  15 ugly things
  2 deep elf pyromancers
  2 orc sorcerers (Orc:2)
  9 salamanders
  2 manticores
  A guardian serpent (Snake:1)
  37 black mambas
  8 naga magi
  21 elephants
  A gargoyle (D:13)
  22 cane toads
  An unseen horror (D:11)
  2 minotaur zombies (Gauntlet)
  Psyche (D:9)
  An unseen horror (shapeshifter) (D:13)
  9 komodo dragons
  4 rime drakes
  2 yaktaurs (D:15)
  A hellion (Gauntlet)
  An efreet (D:15)
  A freezing wraith (D:13)
  3 kobold demonologists
  17 trolls
  A wolf spider simulacrum (D:12)
  2 polar bears
  21 blink frogs
  12 dream sheep
  A hornet (D:8)
  14 slime creatures
  A centaur simulacrum (D:15)
  30 yaks
  A human (shapeshifter) (D:14)
  3 wraiths
  6 wyverns
  5 basilisks
  2 steam dragons
  5 vampire mosquitoes
  10 water moccasins
  31 nagas
  A hell hound (Gauntlet)
  A sky beast (D:7)
  3 black bears
  27 orc warriors
  4 ice beasts
  27 ogres
  14 centaurs
  23 wolves
  A phantom (D:4)
  4 kobold brigands
  6 bullfrogs
  2 necrophages
  A scorpion (D:6)
  13 wights
  8 killer bees
  A howler monkey (D:6)
  5 hounds
  2 gnoll boudas
  9 orc priests
  Jessica (D:2)
  4 iguanas
  Natasha (twice) (D:2)
  17 orc wizards
  Terence (D:2)
  9 gnolls
  10 adders
  5 river rats
  2 shadow imps (D:7)
  An ufetubus (D:5)
  4 worms
  4 dart slugs
  72 orcs
  10 ball pythons
  5 endoplasms
  2 giant cockroaches
  9 goblins
  2 hobgoblins
  8 jackals
  22 kobolds
  2 quokkas
  4 bats
  A frilled lizard (Sewer)
  6 rats
775 creatures vanquished.

Vanquished Creatures (collateral kills)
  An orc warlord (Orc:1)
  3 hydras
  A naga warrior (Snake:4)
  A death yak (Lair:5)
  A mana viper (Snake:4)
  An orc sorcerer (Orc:1)
  2 salamanders
  A rime drake (Lair:5)
  A blink frog (Lair:5)
  5 orc warriors (Orc:1)
  An ogre (Orc:1)
  A centaur (Lair:5)
  2 orc priests (Orc:1)
  2 orc wizards (Orc:1)
  11 orcs (Orc:1)
34 creatures vanquished.

Vanquished Creatures (others)
  A fire giant (D:15)
  A mana viper (Snake:3)
  37 fungi
  A lurking horror (Orc:2)
  78 plants
118 creatures vanquished.

Grand Total: 927 creatures vanquished

Table legend: (Time is in decaauts)
 A = Elapsed time spent in this place.
 B = Non-inter-level travel time spent in this place.
 C = Inter-level travel time spent in this place.
 D = Time resting spent in this place.
 E = Time spent auto-exploring this place.
 F = Levels seen in this place.
 G = Mean time per level.
                   A        B        C        D        E       F      G
               +--------+--------+--------+--------+--------+-----+--------+
         Total |  27473 |  25904 |   1569 |   3654 |  17030 |  28 |  981.2 |
       Dungeon |  16088 |  14929 |   1159 |   2164 |  10117 |  15 | 1072.5 |
          Lair |   5987 |   5745 |    242 |    793 |   3753 |   5 | 1197.4 |
     Snake Pit |   2951 |   2852 |     99 |    631 |   1537 |   4 |  737.8 |
  Orcish Mines |   1356 |   1288 |     68 |     38 |    935 |   2 |  678.0 |
         Sewer |    699 |    699 |      0 |      0 |    544 |   1 |  699.0 |
      Gauntlet |    389 |    389 |      0 |     27 |    143 |   1 |  389.0 |
               +--------+--------+--------+--------+--------+-----+--------+

Top non-repeatable levels by time:
  Lair:5: 1869 daAuts
    D:10: 1495 daAuts
     D:9: 1492 daAuts
    D:12: 1449 daAuts
  Lair:2: 1411 daAuts
    D:13: 1329 daAuts
    D:15: 1302 daAuts
    D:14: 1250 daAuts
     D:7: 1188 daAuts
  Lair:4: 1104 daAuts
 Snake:2: 1089 daAuts
 Snake:1: 1082 daAuts
    D:11: 1059 daAuts
     D:5: 1010 daAuts
     D:8: 1009 daAuts

Table legend:
 A = Non-vault XP
 B = Vault XP
 C = Vault XP percentage of total XP
 D = Non-vault monster count
 E = Vault monster count
 F = Vault count percentage of total count
                 A         B        C        D         E       F
            +---------+---------+-------+---------+---------+-------
      Total |  148646 |   69861 |  32.0 |     602 |     209 |  25.8
            +---------+---------+-------+---------+---------+-------
        D:1 |      41 |       0 |   0.0 |      21 |       0 |   0.0
        D:2 |      80 |     104 |  56.5 |      14 |       3 |  17.6
        D:3 |      26 |       0 |   0.0 |      14 |       0 |   0.0
        D:4 |     207 |       0 |   0.0 |      13 |       0 |   0.0
        D:5 |     708 |       0 |   0.0 |      17 |       0 |   0.0
        D:6 |    1073 |      47 |   4.2 |      16 |       6 |  27.3
        D:7 |    1456 |       0 |   0.0 |      34 |       0 |   0.0
        D:8 |     914 |       0 |   0.0 |      10 |       0 |   0.0
        D:9 |    2137 |    2251 |  51.3 |      13 |      26 |  66.7
       D:10 |    4006 |     383 |   8.7 |      30 |       1 |   3.2
       D:11 |    3879 |     772 |  16.6 |       7 |       1 |  12.5
       D:12 |    7051 |       0 |   0.0 |      30 |       0 |   0.0
       D:13 |    4767 |    7363 |  60.7 |      13 |      36 |  73.5
       D:14 |    9984 |     805 |   7.5 |      24 |       1 |   4.0
       D:15 |    9016 |   11628 |  56.3 |      17 |      15 |  46.9
     Lair:1 |    8048 |       0 |   0.0 |      27 |       0 |   0.0
     Lair:2 |    6420 |    2139 |  25.0 |      29 |       7 |  19.4
     Lair:3 |    5436 |       0 |   0.0 |      22 |       0 |   0.0
     Lair:4 |    9501 |     196 |   2.0 |      27 |       1 |   3.6
     Lair:5 |   14923 |   10557 |  41.4 |      41 |      24 |  36.9
    Snake:1 |   11083 |    2689 |  19.5 |      23 |       5 |  17.9
    Snake:2 |   15714 |       0 |   0.0 |      32 |       0 |   0.0
    Snake:3 |   19713 |       0 |   0.0 |      41 |       0 |   0.0
    Snake:4 |    6125 |   12623 |  67.3 |      12 |      17 |  58.6
      Orc:1 |    3502 |       0 |   0.0 |      38 |       0 |   0.0
      Orc:2 |    2836 |   14949 |  84.1 |      37 |      37 |  50.0
      Sewer |       0 |     135 | 100.0 |       0 |      21 | 100.0
   Gauntlet |       0 |    3220 | 100.0 |       0 |       8 | 100.0
            +---------+---------+-------+---------+---------+-------
